 Dungeon Crawl Stone Soup version 0.20.1-1-g8b1a95d (webtiles) character file.

6194 vineage the Basher (level 10, 0/96 HPs)
             Began as a Minotaur Fighter on Aug 20, 2017.
             Slain by a wolf (5 damage)
             ... led by Grum
             ... on level 9 of the Dungeon.
             The game lasted 00:18:27 (8260 turns).

vineage the Basher (Minotaur Fighter)               Turns: 8260, Time: 00:18:28

Health: 0/96       AC: 10    Str: 25    XL:     10   Next: 61%
Magic:  18/18      EV:  9    Int:  5    God:
Gold:   688        SH: 18    Dex:  4    Spells: 9/9 levels left

rFire    x . .     SeeInvis +   z - +4 flail of Might {elec, *Rage MP+9 SInv Stlth+}
rCold    . . .     Gourm    .   t - +1 large shield
rNeg     . . .     Faith    +   E - +1 leather armour of the Present {rF- MR+++ Str+2 Dex-5} (curse)
rPois    +         Spirit   .   (helmet restricted)
rElec    .         Reflect  .   (no cloak)
rCorr    .         Harm     .   K - +1 pair of gloves
MR       +++..     Rnd*Rage +   F - +0 pair of boots
Stlth    +++.......             x - amulet of faith
Regen    0.3/turn               j - ring of poison resistance
MPRegen  0.2/turn               r - ring of see invisible

@: no status effects
A: retaliatory headbutt, horns 2, slimy green scales 1, clumsy 1, robust 1
a: no special abilities


You were on level 9 of the Dungeon.
You were not hungry.

You visited 2 branches of the dungeon, and saw 10 of its levels.
You also visited: Ossuary.

You collected 688 gold pieces.

Inventory:

Hand Weapons
 a - a +1 war axe
 z - the +4 flail of Might (weapon) {elec, *Rage MP+9 SInv Stlth+}
   (You found it on level 4 of the Dungeon)

   Occasionally, upon striking a foe, it will discharge some electrical energy
   and cause terrible harm.
   It affects your magic capacity (+9).
   It lets you see invisible.
   It may make you go berserk in combat.
   It makes you more stealthy.
Armour
 b - a +0 scale mail
 c - a +0 shield
 n - a +0 pair of gloves
 q - a +0 ring mail
 t - a +1 large shield (worn)
 y - a +3 scale mail
 A - the +5 ring mail of Disaster {-Tele rN+ Slay+3}
   (You found it on level 4 of the Dungeon)

   It affects your accuracy and damage with ranged weapons and melee attacks
   (+3).
   It protects you from negative energy.
   It prevents most forms of teleportation.
 E - the cursed +1 leather armour of the Present (worn) {rF- MR+++ Str+2 Dex-5}
   (You found it on level 5 of the Dungeon)

   It affects your strength (+2).
   It affects your dexterity (-5).
   It makes you vulnerable to fire.
   It affects your resistance to hostile enchantments.
   It has a curse placed upon it.
 F - a +0 pair of boots (worn)
 K - a +1 pair of gloves (worn)
 L - a +0 plate armour of poison resistance
Jewellery
 j - a ring of poison resistance (left hand)
 r - a ring of see invisible (right hand)
 x - an amulet of faith (around neck)
 J - an uncursed ring of wizardry
 N - an uncursed ring of wizardry
Wands
 v - a wand of disintegration (19/24)
Scrolls
 s - a scroll of magic mapping
 u - a scroll of enchant armour
 D - a scroll of identify
 H - 2 scrolls of immolation
Potions
 e - a potion of magic
 k - 2 potions of lignification
 o - a potion of mutation
 w - 3 potions of agility
 B - 2 potions of ambrosia
 I - 3 potions of curing {unknown}
Books
 l - a book of Cantrips

   Spells                             Type                      Level
   a - Confusing Touch                Hexes                        1
   b - Animate Skeleton               Necromancy                   1
   c - Summon Small Mammal            Summoning                    1
   d - Apportation                    Translocation                1
 P - a book of Enchantments

   Spells                             Type                      Level
   a - Cause Fear                     Hexes                        4
   b - Yara's Violent Unravelling     Hexes/Transmutation          5
   c - Silence                        Hexes/Air                    5
   d - Deflect Missiles               Charms/Air                   6
   e - Discord                        Hexes                        8
Comestibles
 f - 9 bread rations
 g - 2 meat rations


   Skills:
 + Level 8.0 Fighting
 + Level 5.0(8.5) Axes
 + Level 10.6(11.1) Maces & Flails
 + Level 6.4 Armour
 + Level 6.2 Dodging
 + Level 4.2 Stealth
 + Level 9.4 Shields


You had 9 spell levels left.
You didn't know any spells.

Dungeon Overview and Level Annotations

Branches:
Dungeon (9/15)             Temple (0/1) D:6            Lair (1/6) D:9
    Orc: D:9-12

Altars:
Cheibriados
Dithmenos
Fedhas
Nemelex Xobeh

Shops:
D:9 [

Annotations:
D:9 Grum


Innate Abilities, Weirdness & Mutations

You reflexively headbutt those who attack you in melee.
You have a pair of horns on your head.
You are partially covered in slimy green scales. (AC +2)
You are clumsy. (Dex -2)
You are robust. (+10% HP)


Message History

Your headbutt misses the killer bee. You block the killer bee's attack. x2
The killer bee stings you. You block the killer bee's attack.
The wolf bites you but does no damage. The wolf bites you.
The porcupine bites you but does no damage.
You closely miss the killer bee. You block the killer bee's attack.
The killer bee misses you. You block the wolf's attack.
The wolf barely misses you.
The killer bee stings you but does no damage. x2
The porcupine bites you but does no damage.
The wolf bites you! You block the wolf's attack.
You miss the killer bee. The killer bee stings you.
You block the killer bee's attack. The wolf bites you!
You block the wolf's attack. The killer bee stings you. x2
* * * LOW HITPOINT WARNING * * *
The porcupine bites you!
* * * LOW HITPOINT WARNING * * *
The wolf bites you!
* * * LOW HITPOINT WARNING * * *
The wolf bites you.
You die...

'......# #... #......# #...
#.o....# #... #....#
#o.....#+###... #....
#.............. #...#
#o.#'####...... #...# #..#
+...... #...# #####..# #...... .
#...#####y@hoo.# #......
..#####.......yyhro..######......
...............#####......<...†..
####'####......# #.............
#.......'......# #.............
#.......#......# #.............
#.......#......#####.....########
#########................#......#
.......................##......#


You could see an orc warrior, 2 wolves, a porcupine, 3 killer bees and 2 orcs.

Vanquished Creatures
  2 two-headed ogres (D:8)
  2 trolls (D:9)
  A hornet (D:9)
  A wyvern (D:9)
  A steam dragon (D:8)
  A porcupine (D:9)
  An ice beast (D:6)
  2 orc warriors
  2 ogres
  2 phantoms
  A sky beast (D:6)
  2 black bears (D:9)
  3 wolves (D:9)
  6 centaurs
  3 crocodiles
  3 elf zombies (Ossuary)
  A big kobold (D:9)
  2 bullfrogs (D:7)
  2 scorpions
  7 killer bees
  2 crimson imps
  A centaur zombie (Ossuary)
  5 hounds
  2 jellies
  An orc priest (D:5)
  6 orc wizards
  2 centaur skeletons
  2 iguanas
  6 worker ants
  3 big kobold zombies (Ossuary)
  2 hound zombies (Ossuary)
  3 mummies (Ossuary)
  2 howler monkey zombies
  9 gnolls
  2 worker ant zombies (D:9)
  8 adders
  A shadow imp (D:9)
  An ooze (D:5)
  5 adder zombies
  An adder skeleton (D:4)
  3 worms
  2 dart slugs
  5 leopard geckos
  26 orcs
  6 giant cockroaches
  6 goblins
  6 hobgoblins
  11 jackals
  12 kobolds
  3 quokkas
  7 bats
  4 frilled lizards
  6 goblin zombies (Ossuary)
  5 hobgoblin zombies (Ossuary)
  A jackal zombie (D:6)
  2 kobold zombies (Ossuary)
  2 orc zombies (Ossuary)
  3 quokka zombies (Ossuary)
  8 rats
  A rat zombie (Ossuary)
228 creatures vanquished.

Vanquished Creatures (others)
  7 fungi
  3 plants (D:9)
10 creatures vanquished.

Grand Total: 238 creatures vanquished

Notes
Turn   | Place    | Note
-------+----------+-------------------------------------------
     0 | D:1      | vineage the Minotaur Fighter began the quest for the Orb.
     0 | D:1      | Reached XP level 1. HP: 19/19 MP: 0/0
   108 | D:1      | Reached XP level 2. HP: 26/27 MP: 1/1
   140 | D:1      | Found a sparkling altar of Nemelex Xobeh.
   519 | D:2      | Reached XP level 3. HP: 27/33 MP: 2/2
   970 | D:3      | Reached skill level 1 in Dodging
   970 | D:3      | Reached XP level 4. HP: 34/40 MP: 3/3
  1574 | D:3      | Found a blossoming altar of Fedhas.
  1699 | D:4      | Noticed an ogre
  1712 | D:4      | Killed an ogre
  1712 | D:4      | Reached XP level 5. HP: 28/47 MP: 4/4
  1723 | D:4      | Got a transparent flail
  1733 | D:4      | Got a scorched ring mail
  1739 | D:4      | Identified the +4 flail of Might {elec, *Rage MP+9 SInv Stlth+} (You found it on level 4 of the Dungeon)
  1750 | D:4      | Identified the +5 ring mail of Disaster {-Tele rN+ Slay+3} (You found it on level 4 of the Dungeon)
  1962 | D:4      | Reached XP level 6. HP: 54/55 MP: 5/5
  1974 | D:4      | Reached skill level 1 in Maces & Flails
  2337 | D:5      | Entered Level 5 of the Dungeon
  2440 | D:5      | Reached skill level 5 in Fighting
  2440 | D:5      | Reached skill level 5 in Axes
  2440 | D:5      | Reached skill level 2 in Maces & Flails
  2440 | D:5      | Reached skill level 5 in Shields
  2445 | D:5      | Got a sapphire-encrusted leather armour
  2456 | D:5      | Identified the cursed +1 leather armour of the Present {rF- MR+++ Str+2 Dex-5} (You found it on level 5 of the Dungeon)
  2650 | D:5      | Reached skill level 3 in Maces & Flails
  2650 | D:5      | Reached XP level 7. HP: 58/61 MP: 6/6
  2874 | D:5      | Reached skill level 1 in Stealth
  3019 | D:5      | Reached skill level 4 in Maces & Flails
  3019 | D:5      | Reached skill level 5 in Armour
  3455 | D:6      | Reached skill level 5 in Maces & Flails
  3462 | D:6      | Gained mutation: You are resistant to hostile enchantments. (MR+) [mutagenic meat]
  3463 | D:6      | Gained mutation: You are clumsy. (Dex -2) [mutagenic meat]
  3464 | D:6      | Gained mutation: You occasionally shout uncontrollably at your foes. [mutagenic meat]
  3536 | D:6      | Found a staircase to the Ecumenical Temple.
  3576 | D:6      | Reached XP level 8. HP: 68/68 MP: 7/7
  3808 | D:7      | Found a sand-covered staircase.
  3834 | Ossuary  | Entered an ossuary
  3980 | Ossuary  | Reached skill level 6 in Maces & Flails
  4488 | D:7      | Reached skill level 7 in Maces & Flails
  4850 | D:7      | Reached XP level 9. HP: 78/78 MP: 8/8
  5290 | D:8      | Noticed a two-headed ogre
  5299 | D:8      | Killed a two-headed ogre
  5299 | D:8      | Reached skill level 8 in Maces & Flails
  5367 | D:8      | Reached skill level 9 in Maces & Flails
  5379 | D:8      | Identified a scroll of acquirement
  5702 | D:8      | Reached skill level 5 in Dodging
  6011 | D:8      | Found a snail-covered altar of Cheibriados.
  6127 | D:8      | Noticed a two-headed ogre
  6135 | D:8      | Killed a two-headed ogre
  6135 | D:8      | Reached skill level 10 in Maces & Flails
  6135 | D:8      | Reached XP level 10. HP: 25/86 MP: 9/9
  7184 | D:9      | Found Joopexui's Armour Boutique.
  7202 | D:9      | Found a staircase to the Lair.
  7244 | Lair:1   | Entered Level 1 of the Lair of Beasts
  8138 | D:9      | Found a shadowy altar of Dithmenos.
  8247 | D:9      | Noticed Grum
  8254 | D:9      | Lost mutation: You occasionally shout uncontrollably at your foes. [potion of mutation]
  8254 | D:9      | Lost mutation: You are resistant to hostile enchantments. (MR+) [potion of mutation]
  8254 | D:9      | Gained mutation: You are robust. (+10% HP) [potion of mutation]
  8254 | D:9      | Gained mutation: You are partially covered in slimy green scales. (AC +2) [potion of mutation]
  8260 | D:9      | Slain by a wolf

Skill      XL: |  1  2  3  4  5  6  7  8  9 10 |
---------------+-------------------------------+-----
Armour         | 4 5 6 |  6.4
Fighting       | 4 5 6 7 8 |  8.0
Shields        | 4 5 6 7 9 |  9.4
Axes           | 3 4 5 |  5.0
Dodging        | 1 2 3 4 5 6 |  6.2
Maces & Flails | 3 5 7 10 | 10.6
Stealth        | 2 3 4 |  4.2

Action                   |  1- 3 |  4- 6 |  7- 9 | 10-12 || total
-------------------------+-------+-------+-------+-------++-------
Melee: War axe           |    91 |    54 |       |       ||   145
       Headbutt          |    12 |     8 |    37 |    13 ||    70
       Flail             |       |    51 |   238 |   172 ||   461
  Use: Scroll            |       |     4 |     9 |     7 ||    20
       Potion            |       |       |     3 |     7 ||    10
 Stab: Sleeping          |       |     4 |     6 |     1 ||    11
       Distracted        |       |       |     1 |       ||     1
  Eat: Royal jelly       |       |     1 |     3 |     1 ||     5
       Meat ration       |       |     1 |       |     1 ||     2
       Chunk             |       |       |     8 |     1 ||     9
       Fruit             |       |       |     1 |       ||     1
Armor: Scale mail        |    41 |       |       |       ||    41
       Ring mail         |     7 |    31 |       |       ||    38
       Leather armour    |       |     2 |    74 |    56 ||   132
Dodge: Dodged            |    25 |    35 |    70 |    78 ||   208
Block: Shield            |    57 |    47 |    71 |       ||   175
       Large shield      |       |       |    61 |   274 ||   335
